 Dungeon Crawl Stone Soup version 0.19-a0-519-gb6a5606 (console) character file.

100 Lososik the Ducker (level 4, -9/35 HPs)
             Began as a Demonspawn Gladiator on June 7, 2016.
             Mangled by Sigmund
             ... wielding a +0 scythe
              (11 damage)
             ... on level 2 of the Dungeon.
             The game lasted 00:06:51 (1828 turns).

Lososik the Ducker (Demonspawn Gladiator)           Turns: 1828, Time: 00:06:52

Health: -9/35      AC:  4    Str: 17    XL:     4   Next: 46%
Magic:  0/4        EV: 13    Int:  9    God:
Gold:   69         SH:  0    Dex: 11    Spells: 0 memorised, 3 levels left

rFire  . . .     SeeInvis .     a - +0 long sword
rCold  . . .     Gourm    .     j - +1 robe {MR+}
rNeg   . . .     Faith    .     (no shield)
rPois  .         Spirit   +     c - +0 helmet
rElec  .         Dismiss  .     (no cloak)
rCorr  .         Reflect  .     (no gloves)
SustAt .         Harm     .     e - +0 pair of boots
MR     +....     Rnd*Rage +     (no amulet)
Stlth  ++........               (no ring)
                                (no ring)

@: confused, somewhat resistant to hostile enchantments, unstealthy
A: talons 1, berserk 1, blink, blurry vision 1, clumsy 1, deformed body,
nightstalker 1, wild magic 1, magic shield
a: Blink


You were on level 2 of the Dungeon.
You were very hungry.

You visited 1 branch of the dungeon, and saw 3 of its levels.

You collected 69 gold pieces.

Inventory:

Hand Weapons
 a - a +0 long sword (weapon)
Missiles
 l - 4 curare-tipped needles
Armour
 b - a +0 leather armour
 c - a +0 helmet (worn)
 e - a +0 pair of boots (worn)
 j - a +1 robe of magic resistance (worn)
Scrolls
 i - 2 scrolls of identify {unknown}
 k - a scroll of amnesia {unknown}
 n - a scroll of remove curse {unknown}
 s - a scroll of enchant weapon {unknown}
 t - a scroll of magic mapping {unknown}
Comestibles
 f - 2 bread rations
 o - a beef jerky
 p - a slice of pizza
 r - 4 fruits


   Skills:
 * Level 3.1 Fighting
 + Level 3.0 Long Blades
 - Level 1.7 Throwing
 * Level 2.0 Armour
 * Level 3.3 Dodging


You had 3 spell levels left.
You didn't know any spells.

Dungeon Overview and Level Annotations

Branches:
Dungeon (3/15)

Altars:

Annotations:
D:2 Sigmund


Innate Abilities, Weirdness & Mutations

You have sharp toenails.
You are slightly more attuned to the shadows.
When hurt, damage is shared between your health and your magic reserves.
You tend to lose your temper in combat.
You can translocate small distances at will.
Scrolls take you a little longer to read.
You are clumsy. (Dex -2)
Armour fits poorly on your strangely shaped body.
Your spells are a little harder to cast, but a little more powerful.


Message History

* * * LOW HITPOINT WARNING * * *
You aren't carrying any potions.
Unknown command.
You barely miss Sigmund.
Sigmund is lightly wounded.
Sigmund gestures at you while chanting.
You are confused.
You miss Sigmund.
Sigmund is lightly wounded.
Sigmund hits you with a scythe.
* * * LOW HITPOINT WARNING * * *
You bump into the rock wall.
Sigmund casts a spell.
Sigmund flickers and vanishes!
You barely miss something.
You hear a zap.
A puff of flame appears from out of thin air!
The puff of flame misses you. Something hits you!
You die...

▒∙∙∙∙▒ ▒∙▒ ▒∙▒ ▒▒▒▒▒▒▒▒
▒∙▒▒∙▒ ▒▒▒▒▒▒∙▒▒▒∙▒
▒∙∙∙∙∙∙∙
▒∙▒▒∙▒▒▒∙∙∙∙∙∙∙∙∙∙▒
▒∙▒▒▒▒▒▒
▒<▒▒∙∙∙∙∙∙∙∙∙∙∙∙∙∙▒▒▒▒▒▒%▒
▒∙▒▒▒▒▒▒∙∙∙∙∙∙▒▒∙∙∙∙∙∙▒▒∙▒
▒∙▒ ▒∙▒▒▒▒▒▒▒▒▒▒▒▒∙▒▒(▒ ▒)▒
▒∙▒ ▒<▒▒∙▒▒▒ ▒▒▒∙▒ ▒∙▒
▒∙▒▒∙∙∙▒ ∙∙∙∙▒ ▒∙▒ ▒∙∙∙∙▒∙▒
▒▒▒▒▒ ▒<▒ ▒▒▒▒∙∙∙▒
▒▒▒▒∙▒▒▒▒▒▒▒▒▒▒▒▒▒▒▒∙∙▒▒
▒∙∙∙∙∙∙∙∙∙∙∙▒∙∙∙∙∙∙∙∙∙▒
▒∙∙∙∙∙%∙∙∙∙∙▒∙▒▒▒▒▒▒▒∙▒
▒∙▒▒@∙▒▒▒▒(∙▒ ▒∙▒
▒▒∙▒▒∙∙▒▒▒▒∙∙▒ ▒∙▒
▒▒▒>∙∙▒∙∙∙∙∙∙∙∙▒∙▒ ▒∙▒
▒∙∙∙∙∙∙∙?∙▒▒▒@∙▒∙▒ ▒∙▒
▒∙▒∙∙∙▒▒∙∙▒▒∙∙∙▒∙▒ ▒∙▒
▒?▒▒∙▒▒▒∙∙▒∙▒{∙▒∙▒ ▒∙▒ ∙
▒∙▒ ▒(∙∙∙∙∙∙∙∙▒▒▒▒▒▒▒∙▒ ▒▒
▒∙▒▒▒∙∙▒▒▒∙(∙∙∙∙∙)∙∙∙∙▒▒▒▒▒
▒∙∙∙∙∙∙∙∙∙∙∙∙∙∙∙∙∙∙∙∙∙∙∙∙∙∙
▒▒▒▒▒▒∙▒▒▒▒▒∙▒▒▒▒▒▒▒▒▒▒▒▒▒▒
▒▒∙▒▒▒∙▒▒ ▒▒∙▒∙▒▒ ▒▒∙▒▒ ▒▒▒


There were no monsters in sight!

Vanquished Creatures
  Natasha (twice) (D:2)
  2 dart slugs
  A giant gecko (D:1)
  A giant cockroach (D:1)
  9 goblins
  4 hobgoblins
  5 jackals (D:2)
  3 ball pythons
  6 bats
  6 kobolds
  4 rats
43 creatures vanquished.

Notes
Turn   | Place    | Note
--------------------------------------------------------------
     0 | D:1      | Lososik the Demonspawn Gladiator began the quest for the Orb.
     0 | D:1      | Reached XP level 1. HP: 16/16 MP: 1/1
   169 | D:1      | Gained mutation: You have sharp toenails. [demonic ancestry]
   169 | D:1      | Reached XP level 2. HP: 21/22 MP: 2/2
   544 | D:1      | Reached skill level 1 in Armour
  1043 | D:1      | Gained mutation: When hurt, damage is shared between your health and your magic reserves. [demonic ancestry]
  1043 | D:1      | Reached XP level 3. HP: 27/28 MP: 3/3
  1266 | D:2      | Noticed Natasha
  1273 | D:2      | Killed Natasha
  1451 | D:2      | Noticed Natasha
  1465 | D:2      | Gained mutation: You are slightly more attuned to the shadows. [demonic ancestry]
  1465 | D:2      | Reached XP level 4. HP: 34/34 MP: 4/4
  1473 | D:2      | Killed Natasha
  1632 | D:2      | Noticed Sigmund
  1639 | D:2      | Gained mutation: Scrolls take you a little longer to read. [potion of mutation]
  1639 | D:2      | Gained mutation: Armour fits poorly on your strangely shaped body. [potion of mutation]
  1639 | D:2      | Gained mutation: You are clumsy. (Dex -2) [potion of mutation]
  1644 | D:2      | Gained mutation: You tend to lose your temper in combat. [potion of mutation]
  1644 | D:2      | Gained mutation: You can translocate small distances at will. [potion of mutation]
  1644 | D:2      | Gained mutation: Your spells are a little harder to cast, but a little more powerful. [potion of mutation]
  1828 | D:2      | Mangled by Sigmund

Vault maps used:
D:1:      elethiomel_arrival_maze, minmay_box_of_dots
D:2:      uniq_sigmund, uniq_natasha
D:3:      marbit_many_paths

Skill      XL: |  1  2  3  4 |
---------------+-------------+-----
Armour         | 1 2 |  2.0
Dodging        | 3 |  3.3
Fighting       | 3 |  3.1
Long Blades    | 3 |  3.0
Throwing       | |  1.7

Action                   |  1- 3 |  4- 6 || total
-------------------------+-------+-------++-------
Melee: Long sword        |   113 |    31 ||   144
Throw: Throwing net      |     1 |     4 ||     5
 Abil: Blink             |       |     1 ||     1
  Use: Potion            |       |     4 ||     4
 Stab: Held in net/web   |     2 |     2 ||     4
       Sleeping          |     1 |     1 ||     2
  Eat: Chunk             |     2 |       ||     2
Armor: Leather armour    |     7 |       ||     7
       Robe              |    28 |     7 ||    35
Dodge: Dodged            |    91 |    16 ||   107
